 Dungeon Crawl Stone Soup version 0.29-a0-284-gf9362112df (webtiles) character file.

Game seed: 8112836371224727038

9 enile the Sneak (level 2, 0/14 HPs)
             Began as a Spriggan Brigand on Mar 22, 2022.
             Constricted to death by a ball python (1 damage)
             ... on level 1 of the Dungeon.
             The game lasted 00:00:45 (458 turns).

enile the Sneak (Spriggan Brigand)                   Turns: 458, Time: 00:00:46

Health: 0/14       AC:  3    Str:  7    XL:     2   Next: 3%
Magic:  3/3        EV: 13    Int: 12    God:
Gold:   27         SH:  0    Dex: 16    Spells: 1/1 levels left

rFire   . . .      SeeInvis +   a - +2 dagger
rCold   . . .      Faith    .   (no shield)
rNeg    . . .      Spirit   .   b - +0 robe
rPois   .          Reflect  .   (helmet restricted)
rElec   .          Harm     .   c - +0 cloak
rCorr   .          Rampage  .   (gloves unavailable)
Will    .....                   (boots unavailable)
Stlth   +++.......              (no amulet)
HPRegen 0.04/turn               (no ring)
MPRegen 0.08/turn               (no ring)

@: weak-willed, constricted, very quick
A: very small, no large weapons, unfitting armour, see invisible, speed 3
a: no special abilities


You were on level 1 of the Dungeon.
You visited 1 branch of the dungeon, and saw 1 of its levels.

You collected 27 gold pieces.

Inventory:

Hand Weapons
 a - a +2 dagger (weapon)
Missiles
 d - 5 poisoned darts (quivered)
 e - 3 curare-tipped darts
Armour
 b - a +0 robe (worn)
 c - a +0 cloak (worn)
Jewellery
 f - an amulet of magic regeneration
Scrolls
 i - a scroll of teleportation {unknown}
Potions
 g - a potion of flight {unknown}
 j - a potion of resistance {unknown}


   Skills:
 - Level 1.5 Fighting
 - Level 2.1 Short Blades
 - Level 2.0 Throwing
 - Level 1.3 Dodging
 + Level 6.7 Stealth


You had one spell level left.
You didn't know any spells.
Your spell library contained the following spells:

 Spells                   Type           Power      Damage    Failure   Level
 Animate Skeleton         Necr           0%         N/A       32%         1
 Apportation              Tloc           0%         N/A       32%         1
 Summon Small Mammal      Summ           0%         N/A       32%         1


Dungeon Overview and Level Annotations

Branches:
Dungeon (1/15)

Altars:


Innate Abilities, Weirdness & Mutations

You are very small and have problems with some larger weapons.
You are too small for most types of armour.
You have supernaturally acute eyesight. (SInv)
You cover ground extremely quickly. (Speed+++)


Message History

You hit the ball python but do no damage.
The ball python barely misses you. The ball python closely misses you.
You closely miss the ball python.
The ball python bites you but does no damage.
The ball python misses you.
You barely miss the ball python.
The ball python is moderately wounded.
The ball python looks more healthy.
The ball python misses you. The ball python grabs you.
The ball python constricts you. The ball python misses you.
You hit the ball python.
You kill the ball python!
The ball python misses you. The ball python constricts you.
The ball python's grasp on you weakens, but your attempt to escape fails.
The ball python misses you.
The ball python bites you but does no damage.
The ball python constricts you.
Throw: 7 darts (poison)
Press: ? - help, Q - select action, (/) - cycle Shift-Dir - straight line, f/p - ball python
Aim: a ball python (57% to hit)
You throw a poisoned dart.
The poisoned dart barely misses the ball python.
The ball python completely misses you.
The ball python bites you but does no damage.
The ball python constricts you.
Throw: 6 darts (poison)
Press: ? - help, Q - select action, (/) - cycle Shift-Dir - straight line, f/p - ball python
Aim: a ball python (57% to hit)
You throw a poisoned dart. The poisoned dart hits the ball python.
The ball python is poisoned.
The ball python bites you. x2; The ball python constricts you.
* * * LOW HITPOINT WARNING * * *
Sorry, you're not good enough to have a special ability.
As you read the scroll labelled HUSUEF FEBI, it crumbles to dust.
Magic quickly surges around you.
It was a scroll of vulnerability.
The ball python bites you but does no damage.
The ball python bites you.
* * * LOW HITPOINT WARNING * * *
The ball python constricts you.
You die...

.###.....#...>. .......#
.# ###.#######.
......##. ######.#
g........ ##.##..#
......$.# ......##
###.......# .#..### #
.####........[. .#..#
######.##.........#
.#..# #...#....S##g....#
#..## #...#...#.@S.(####
...# #......##.##.## #
...# #....##...#..###..
#..####....##!##..#....#
#..........#.)##.[..####
......#...........###
.....##....###.#.##
#.........## #.....#
#.....##### ###.#..#


You could see a hobgoblin (weak-willed) and 2 ball pythons.

Vanquished Creatures
  A hobgoblin (D:1)
  A quokka (D:1)
  A ball python (D:1)
  A bat (D:1)
  2 frilled lizards (D:1)
  2 kobolds (D:1)
  3 rats (D:1)
11 creatures vanquished.

Notes
Turn   | Place    | Note
-------+----------+-------------------------------------------
     0 | D:1      | enile the Spriggan Brigand began the quest for the Orb.
     0 | D:1      | Reached XP level 1. HP: 10/10 MP: 2/2
    97 | D:1      | Reached skill level 6 in Stealth
   431 | D:1      | Reached XP level 2. HP: 14/14 MP: 3/3
   458 | D:1      | Constricted to death by a ball python

Illustrated notes

Levels and vault maps discovered:
D:1:      nagdon_arrival_double_spiral, layout_rooms, serial_rivers,
          chequers_serial_rivers_micro_c, chequers_serial_rivers_marsh,
          chequers_serial_rivers_micro_e, chequers_serial_rivers_micro_c,
          serial_shops, nicolae_shop_statue_plus

Skill      XL: |  1 |
---------------+----+-----
Stealth        | 6 |  6.7
Fighting       | |  1.5
Short Blades   | |  2.1
Throwing       | |  2.0
Dodging        | |  1.3

Action                   || total
-------------------------++-------
Melee: Dagger            ||    28
Throw: Dart              ||     4
  Use: Scroll            ||     1
 Stab: Sleeping          ||     4
Armor: Robe              ||     6
Dodge: Dodged            ||    27

Table legend: (Time is in decaauts)
 A = Elapsed time spent in this place.
 B = Non-inter-level travel time spent in this place.
 C = Inter-level travel time spent in this place.
 D = Time resting spent in this place.
 E = Time spent auto-exploring this place.
 F = Levels seen in this place.
 G = Mean time per level.
                   A        B        C        D        E       F      G
               +--------+--------+--------+--------+--------+-----+--------+
         Total |    380 |    380 |      0 |      0 |    290 |   1 |  380.0 |
       Dungeon |    380 |    380 |      0 |      0 |    290 |   1 |  380.0 |
               +--------+--------+--------+--------+--------+-----+--------+

Top non-repeatable levels by time:
     D:1: 380 daAuts
